 Dungeon Crawl Stone Soup version 0.30-a0-250-g41c1d76940 (webtiles) character file.

Game seed: 981574861756489135

1339 IdlyInterested the Trooper (level 8, 68/68 HPs)
             Began as a Demonspawn Wanderer on Oct 12, 2022.
             Quit the game on level 5 of the Dungeon.
             The game lasted 00:25:34 (6343 turns).

IdlyInterested the Trooper (Demonspawn Wanderer)    Turns: 6343, Time: 00:25:34

Health: 68/68      AC:  6    Str: 14    XL:     8   Next: 35%
Magic:  12/12      EV: 11    Int: 13    God:
Gold:   63         SH:  6    Dex: 14    Spells: 13/13 levels left

rFire   . . .      SeeInvis .    a - +1 spear (protect)
rCold   . . .      Faith    .    b - +1 buckler
rNeg    . . .      Spirit   +    y - +2 leather armour of the Northern Lights {Slay+5}
rPois   .          Reflect  .    u - +0 helmet
rElec   .          Harm     .    (no cloak)
rCorr   .          Rampage  .    (no gloves)
Will    .....                    (no boots)
Stlth   ++........               m - amulet of guardian spirit
HPRegen 0.31/turn                (no ring)
MPRegen 0.13/turn                (no ring)

@: no status effects
A: hooves 1, demonic guardian 1, sanguine armour 2
a: no special abilities


You were on level 5 of the Dungeon.
You visited 2 branches of the dungeon, and saw 6 of its levels.
You also visited: Sewer.

You collected 314 gold pieces.
You spent 251 gold pieces at shops.

Inventory:

Hand Weapons
 a - a +1 spear of protection (weapon)
 f - a +1 dagger of venom
 h - a +0 short sword
 j - a +0 trident
Missiles
 q - 4 curare-tipped darts
 r - 14 poisoned darts (quivered)
Armour
 b - a +1 buckler (worn)
 i - a +0 chain mail
 u - a +0 helmet (worn)
 y - the +2 leather armour of the Northern Lights (worn) {Slay+5}
   (You found it on level 4 of the Dungeon)

   Slay:      It affects your accuracy & damage with ranged weapons and melee
   (+5).
Jewellery
 m - an amulet of guardian spirit (around neck)
Scrolls
 k - a scroll of vulnerability
 o - a scroll of teleportation
 p - 2 scrolls of blinking
 t - 3 scrolls of poison
 v - a scroll of butterflies {unknown}
 w - a scroll of magic mapping {unknown}
Potions
 c - 2 potions of might
 d - a potion of heal wounds
 e - a potion of berserk rage
 g - 2 potions of invisibility
 l - a potion of cancellation
 n - 5 potions of mutation
 s - a potion of flight


   Skills:
 + Level 7.7 Fighting
 - Level 1.7 Polearms
 - Level 3.1 Throwing
 - Level 1.0 Armour
 - Level 1.0 Dodging
 - Level 4.0 Stealth
 + Level 3.2 Shields
 - Level 3.0 Spellcasting
 - Level 1.0 Evocations


You had 13 spell levels left.
You didn't know any spells.
Your spell library contained the following spells:

 Spells                   Type           Power      Damage    Failure   Level
 Beastly Appendage        Tmut           2%         N/A       36%         1
 Sandblast                Erth           2%         2d4       36%         1
 Sting                    Tmut/Pois      4%         1d3       36%         1
 Summon Small Mammal      Summ           4%         N/A       36%         1
 Call Canine Familiar     Summ           1%         N/A       75%         3
 Dazzling Flash           Conj/Hex       2%         N/A       75%         3
 Summon Guardian Golem    Hex/Summ       1%         N/A       75%         3


Dungeon Overview and Level Annotations

Branches:
Dungeon (5/15)             Temple (1/1) D:4           Sewer (visited)

Altars:
Ashenzari
Dithmenos
Fedhas
Gozag
Kikubaaqudgha
Makhleb
Nemelex Xobeh
Okawaru
Sif Muna
Trog
Vehumet
Xom
Yredelemnul

Shops:
D:2 ?([


Innate Abilities, Weirdness & Mutations

You have large cloven feet.
A weak demonic guardian rushes to your aid.
When seriously injured, your blood forms thick armour. (AC +0)


Message History

You kill the jackal!
The iguana hisses angrily.
The jackal barely misses you.
You hit the jackal.
Your weapon exudes an aura of protection.
You kill the jackal!
The iguana bites you but does no damage.
You hit the iguana but do no damage.
The iguana bites you but does no damage.
You barely miss the iguana.
The iguana bites you but does no damage.
You hit the iguana.
The iguana is moderately wounded.
You block the iguana's attack.
You completely miss the iguana. Your kick misses the iguana.
The iguana is moderately wounded.
The iguana bites you but does no damage.
You hit the iguana. You kick the iguana, but do no damage.
The iguana is severely wounded.
The iguana bites you!
You puncture the iguana!
You kill the iguana!
w - a scroll labelled HUHOUGR DEIVUA
Found a shimmering altar of Xom.
A white imp comes into view.
A white imp is nearby!
The white imp shouts, "Accept thy doom, thou dissembling fat-kidneyed vulture!"
The white imp gestures at you. The puff of frost misses you.
Found a stone staircase leading down.
You barely miss the white imp. You kick the white imp.
The white imp is moderately wounded.
The white imp hits you but does no damage.
You hit the white imp but do no damage.
Your weapon exudes an aura of protection.
You kick the white imp!
You kill the white imp!
Done exploring.
Done exploring.
Are you sure you want to abandon this character and quit the game? (Confirm with "yes".)

##......###.><...................
#...............................
##..............................
###..................#######....#
...........#.##......#.#####.....
##........######...........#.....
###........# #..##......##.....
...........# ##.####............
#.........## #.@# #.............
#.#....##..#####.# ##...........#
##.....##.(......# ##.........##
####..#...#....#### ##.[.......#
#.....##.....#.####..........
#######..###.....#...............
~~~~~~#....#<.......###...#....♣.
.[...~#......##...#####...##.....
.....~##..####......##.....#..♣..


There were no monsters in sight!

Vanquished Creatures
  An ice beast (D:5)
  7 kobold brigands (Sewer)
  A necrophage (D:5)
  2 scorpions (D:5)
  A crimson imp (D:4)
  4 hounds
  An orc priest (D:2)
  3 orc wizards (D:5)
  2 iguanas (D:5)
  4 gnolls (D:3)
  6 adders
  4 river rats (Sewer)
  2 white imps (D:5)
  7 worms
  3 dart slugs (D:1)
  7 orcs
  4 bats
  13 endoplasms
  3 giant cockroaches
  2 goblins
  3 hobgoblins
  10 jackals
  4 quokkas
  11 ball pythons
  6 frilled lizards
  6 kobolds
  14 rats
  3 rat zombies (D:4)
134 creatures vanquished.

Vanquished Creatures (collateral kills)
  An adder (D:4)
  A worm (D:3)
  An endoplasm (D:4)
3 creatures vanquished.

Grand Total: 137 creatures vanquished

Notes
Turn   | Place    | Note
-------+----------+-------------------------------------------
     0 | D:1      | IdlyInterested the Demonspawn Wanderer began the quest for
                  | the Orb.
     0 | D:1      | IdlyInterested set off with the following items: a +0
                  | spear, a +0 buckler, a potion of might, a +0 robe; and the
                  | following spells available to memorise: Beastly Appendage,
                  | Sandblast, Sting, Dazzling Flash.
     0 | D:1      | Reached XP level 1. HP: 16/16 MP: 4/4
   143 | D:1      | Gained mutation: You have large cloven feet. [demonic
                  | ancestry]
   143 | D:1      | Reached XP level 2. HP: 18/23 MP: 6/6
   144 | D:1      | Reached skill level 1 in Throwing
   681 | D:1      | Reached XP level 3. HP: 17/28 MP: 7/7
   914 | D:1      | Reached skill level 3 in Fighting
  1394 | D:2      | Gained mutation: When seriously injured, your blood forms
                  | armour. (AC +0) [demonic ancestry]
  1394 | D:2      | Reached XP level 4. HP: 35/35 MP: 8/8
  1468 | D:2      | Found Ygidob's Magic Scroll Emporium.
  1659 | D:2      | Found Esmait's Armour Emporium.
  1666 | D:2      | Found Kuphoj's Weapon Emporium.
  1959 | D:2      | Bought a scroll of blinking for 97 gold pieces
  2203 | D:3      | Found a blossoming altar of Fedhas.
  2235 | D:3      | Found a glowing drain.
  2245 | Sewer    | Entered a sewer
  2306 | Sewer    | Noticed a kobold brigand
  2334 | Sewer    | Killed a kobold brigand
  2335 | Sewer    | Reached skill level 4 in Fighting
  2335 | Sewer    | Reached XP level 5. HP: 33/43 MP: 5/9
  2459 | Sewer    | Reached skill level 5 in Fighting
  2459 | Sewer    | Reached skill level 1 in Evocations
  2459 | Sewer    | Reached XP level 6. HP: 21/51 MP: 4/10
  2609 | Sewer    | Reached skill level 1 in Dodging
  2653 | Sewer    | Reached skill level 1 in Armour
  3029 | Sewer    | Gained mutation: A weak demonic guardian rushes to your
                  | aid. [demonic ancestry]
  3029 | Sewer    | Reached XP level 7. HP: 44/57 MP: 8/11
  3205 | Sewer    | Reached skill level 6 in Fighting
  3583 | D:2      | Bought a scroll of poison for 52 gold pieces
  3583 | D:2      | Bought a scroll of identify for 26 gold pieces
  3703 | D:3      | Identified the +3 whip "Gyp Omie" {holy, *Slow Str+10 Int-4
                  | Dex+9}
  4363 | D:2      | Bought a scroll of identify for 26 gold pieces
  4592 | D:4      | Found a radiant altar of Vehumet.
  4592 | D:4      | Found a burning altar of Makhleb.
  4782 | D:4      | Found a staircase to the Ecumenical Temple.
  4796 | Temple   | Entered the Ecumenical Temple
  4986 | D:4      | Found an ancient bone altar of Kikubaaqudgha.
  5131 | D:4      | Identified the +2 leather armour of the Northern Lights
                  | {Slay+5}
  5187 | D:4      | Found a broken altar of Ashenzari.
  5569 | D:2      | Bought a scroll of identify for 26 gold pieces
  5613 | D:2      | Bought 5 poisoned darts for 24 gold pieces
  5681 | D:5      | Entered Level 5 of the Dungeon
  5713 | D:5      | Reached skill level 7 in Fighting
  5715 | D:5      | Gained mutation: When seriously injured, your blood forms
                  | thick armour. (AC +0) [demonic ancestry]
  5715 | D:5      | Reached XP level 8. HP: 40/67 MP: 10/12
  6241 | D:5      | Found a shimmering altar of Xom.
  6343 | D:5      | Quit the game

Illustrated notes

Levels and vault maps discovered:
D:1:      wander_arrival_chamber, layout_basic
D:2:      layout_loops_ring, serial_shops, nicolae_shop_hallway_stairs,
          nicolae_diamond_shop, nicolae_shop_trees
D:3:      layout_basic, fedhas_altar_fruit_tree, cheibrodos_sewer_entry_sluice,
          saegor_snake_ambush
D:4:      layout_loops_ring, grunt_temple_overflow_lords_of_destruction,
          lemuel_zombie_altar_kikubaaqudgha, mainiacjoe_overflow_chevrons,
          minmay_temple_entry_mist
D:5:      layout_cave_pools, overflow_temple_1_default, kennysheep_path_1,
          chequers_garden
Temple:   hellmonk_temple_rainy

Skill      XL: |  1  2  3  4  5  6  7  8 |
---------------+-------------------------+-----
Throwing       | 1 2 3 |  3.1
Fighting       | 3 4 5 7 |  7.7
Stealth        | 2 4 |  4.0
Evocations     | 1 |  1.0
Dodging        | 1 |  1.0
Armour         | 1 |  1.0
Shields        | 3 |  3.2
Polearms       | |  1.7
Spellcasting   | |  3.0

Action                   |  1- 3 |  4- 6 |  7- 9 || total
-------------------------+-------+-------+-------++-------
Melee: Spear             |   154 |   204 |   357 ||   715
       Kick              |    31 |    54 |   104 ||   189
  Use: Scroll            |     6 |     3 |    10 ||    19
       Potion            |     1 |       |       ||     1
 Stab: Sleeping          |     2 |       |     2 ||     4
Armor: Robe              |     8 |       |       ||     8
       Scale mail        |    24 |    64 |   114 ||   202
       Leather armour    |       |       |    44 ||    44
Dodge: Dodged            |    57 |    60 |   112 ||   229
Block: Buckler           |    21 |    33 |    55 ||   109

Table legend: (Time is in decaauts)
 A = Elapsed time spent in this place.
 B = Non-inter-level travel time spent in this place.
 C = Inter-level travel time spent in this place.
 D = Time resting spent in this place.
 E = Time spent auto-exploring this place.
 F = Levels seen in this place.
 G = Mean time per level.
                   A        B        C        D        E       F      G
               +--------+--------+--------+--------+--------+-----+--------+
         Total |   6575 |   5567 |   1008 |    539 |   3099 |   7 |  939.3 |
       Dungeon |   5302 |   4294 |   1008 |    306 |   2524 |   5 | 1060.4 |
        Temple |     21 |     21 |      0 |      0 |      0 |   1 |   21.0 |
         Sewer |   1251 |   1251 |      0 |    233 |    574 |   1 | 1251.0 |
               +--------+--------+--------+--------+--------+-----+--------+

Top non-repeatable levels by time:
     D:3: 1308 daAuts
   Sewer: 1251 daAuts
     D:1: 1221 daAuts
     D:2: 1128 daAuts
     D:4: 1033 daAuts
     D:5: 609 daAuts
  Temple: 21 daAuts
